 Dungeon Crawl Stone Soup version 0.28.0-43-g3370ac3207 (console) character file.

Game seed: 13335458259770845899

131702 Zeor the Blocker (level 17, -7/93 HPs)
             Began as a Vine Stalker Berserker on Mar 24, 2022.
             Was a High Priest of Trog.
             Mangled by a spark wasp (11 damage)
             ... on level 2 of the Spider Nest.
             The game lasted 01:57:42 (25969 turns).

Zeor the Blocker (Vine Stalker Berserker)          Turns: 25969, Time: 01:57:43

Health: -7/93      AC: 20    Str: 20    XL:     17   Next: 10%
Magic:  0/9        EV: 19    Int:  7    God:    Trog [*****.]
Gold:   1715       SH: 23    Dex: 29    Spells: 16/16 levels left

rFire   + + .      SeeInvis .   a - +4 demon blade
rCold   + . .      Faith    .   P - +0 tower shield
rNeg    + + +      Spirit   +   Z - +2 scale mail of Modesty {rPois Dex+3}
rPois   +          Reflect  .   S - +1 hat "Hela" {rC- rN++ Slay+2}
rElec   .          Harm     .   l - +2 cloak
rCorr   +          Rampage  .   p - +1 pair of gloves
Will    ++...                   K - +1 pair of boots {Stlth+}
Stlth   +++.......              H - amulet of magic regeneration
HPRegen 1.05/turn               R - ring of Fisoym {rF+ rCorr EV+4 Dex+4}
MPRegen 0.51/turn               T - ring "Rulov" {rF+ rC++ rN+ MP-9}

@: studying Crossbows
A: fangs 3, regeneration 1, magic shield, antimagic bite, no potion heal 2
a: Renounce Religion, Berserk, Trog's Hand, Brothers in Arms


You were on level 2 of the Spider Nest.
You worshipped Trog.
Trog was extremely pleased with you.
You visited 4 branches of the dungeon, and saw 26 of its levels.
You also visited: Gauntlet and Volcano.

You collected 2704 gold pieces.
You spent 989 gold pieces at shops.

Inventory:

Hand Weapons
 a - a +4 demon blade (weapon)
 b - a +5 hand crossbow
 i - a +5 long sword of holy wrath
 k - a +4 scimitar
 y - a +1 scimitar of freezing
 E - a +2 antimagic scimitar
 G - a +0 scimitar of flaming
Missiles
 u - 8 atropa-tipped darts
 z - 377 bolts
 L - 3 throwing nets
 W - 5 silver javelins (quivered)
Armour
 d - a +2 buckler
 e - a +1 helmet
 l - a +2 cloak (worn)
 p - a +1 pair of gloves (worn)
 q - the +8 chain mail of Fidarch {rElec Will+ rCorr}
   (You found it on level 3 of the Lair of Beasts)

   rElec:     It insulates you from electricity.
   rCorr:     It protects you from acid and corrosion.
   Will:      It increases your willpower.
 J - a +1 chain mail of fire resistance
 K - a +1 pair of boots of stealth (worn)
 P - a +0 tower shield (worn)
 S - the +1 hat "Hela" (worn) {rC- rN++ Slay+2}
   (You found it in a Gauntlet)

   Slay:      It affects your accuracy & damage with ranged weapons and melee
   (+2).
   rC:        It makes you vulnerable to cold.
   rN:        It greatly protects you from negative energy.
 Z - the +2 scale mail of Modesty (worn) {rPois Dex+3}
   (You found it on level 1 of the Orcish Mines)

   Dex:       It affects your dexterity (+3).
   rPois:     It protects you from poison.
Jewellery
 v - an amulet of the acrobat
 H - an amulet of magic regeneration (around neck)
 I - a ring of see invisible
 R - the ring of Fisoym (left hand) {rF+ rCorr EV+4 Dex+4}
   (You found it on level 14 of the Dungeon)

   [ring of evasion]

   EV:        It affects your evasion (+4).
   Dex:       It affects your dexterity (+4).
   rF:        It protects you from fire.
   rCorr:     It protects you from acid and corrosion.
 T - the ring "Rulov" (right hand) {rF+ rC++ rN+ MP-9}
   (You found it in a Gauntlet)

   [ring of positive energy]

   rF:        It protects you from fire.
   rC:        It greatly protects you from cold.
   rN:        It protects you from negative energy.
   MP:        It affects your magic capacity (-9).
 V - the ring of Funeol {rN+ AC+4 Str+4 Dex+7}
   (You took it off a minotaur in a Gauntlet)

   [ring of protection]

   AC:        It affects your AC (+4).
   Str:       It affects your strength (+4).
   Dex:       It affects your dexterity (+7).
   rN:        It protects you from negative energy.
 Y - the ring "Zesuokhly" {rC+ Stlth+}
   (You found it on level 1 of the Orcish Mines)

   [ring of protection from cold]

   rC:        It protects you from cold.
   Stlth:     It makes you more stealthy.
Wands
 g - a wand of flame (72)
 s - a wand of iceblast (17)
 F - a wand of paralysis (6)
 Q - a wand of acid (2)
Scrolls
 c - 3 scrolls of identify
 h - 2 scrolls of enchant weapon
 j - a scroll of fear
 o - 3 scrolls of immolation
 r - 4 scrolls of magic mapping
 w - 7 scrolls of teleportation
 B - 2 scrolls of fog
Potions
 f - 3 potions of flight
 m - 6 potions of haste
 n - 3 potions of invisibility
 t - 2 potions of berserk rage
 x - 10 potions of curing
 A - a potion of attraction
 C - 6 potions of might
 D - a potion of cancellation
 N - 3 potions of magic
 O - 7 potions of ambrosia


   Skills:
 + Level 12.2 Fighting
 - Level 14.1 Long Blades
 - Level 4.0 Axes
 * Level 4.8 Crossbows
 - Level 2.8 Throwing
 + Level 11.5 Armour
 + Level 7.4 Dodging
 - Level 2.0 Stealth
 * Level 14.9 Shields


You had 16 spell levels left.
You didn't know any spells.
Your spell library was empty.

Dungeon Overview and Level Annotations

Branches:
Dungeon (15/15)            Temple (0/1) D:7            Lair (6/6) D:9
  Swamp (0/4) Lair:4       Spider (3/4) Lair:4        Slime (0/5) Lair:5
    Orc (2/2) D:10            Elf (0/3) Orc:2        Vaults (0/5) D:14
 Depths (0/4) D:15        Volcano (visited)         Gauntlet (visited)

Altars:
Ashenzari
Dithmenos
Kikubaaqudgha
Makhleb
Okawaru
Sif Muna
Trog
Wu Jian
Zin

Shops:
D:2 *   D:7 [   Orc:2 *:=([

Annotations:
D:2 1 runed translucent door, Crazy Yiuf


Innate Abilities, Weirdness & Mutations

You have razor-sharp teeth.
Your natural rate of healing is unusually fast.
When hurt, damage is shared between your health and your magic reserves.
Your bite disrupts and absorbs the magic of your enemies.
Potions cannot restore your health.


Message History

The spark wasp's magic leaks into the air.
You drain its magic.
You feel invigorated.
The spark wasp is lightly wounded.
You block the culicivora's attack. The spark wasp stings you!
The spark wasp shocks you!
You barely miss the spark wasp. Your bite misses the spark wasp.
The spark wasp is lightly wounded.
The culicivora completely misses you. You block the spark wasp's attack.
You hit the spark wasp. Your bite misses the spark wasp.
The spark wasp is moderately wounded.
You block the culicivora's attack. The spark wasp stings you!!
The spark wasp shocks you!
* * * LOW HITPOINT WARNING * * *
You slice the culicivora!! Your bite misses the culicivora.
The culicivora is severely wounded.
You block the culicivora's attack. You block the spark wasp's attack.
You slash the spark wasp! Your bite misses the spark wasp.
The spark wasp is moderately wounded.
The culicivora misses you. You block the spark wasp's attack.
The culicivora completely misses you. You block the spark wasp's attack.
You hit the culicivora. You bite the culicivora.
You kill the culicivora!
Trog accepts your kill. You block the spark wasp's attack.
You slash the spark wasp! Your bite misses the spark wasp.
The spark wasp is heavily wounded.
You block the spark wasp's attack.
You slash the spark wasp!
You bite the spark wasp, but do no damage.
The spark wasp is severely wounded.
The spark wasp stings you. The spark wasp shocks you!
* * * LOW HITPOINT WARNING * * *
You slash the spark wasp! You bite the spark wasp!
The spark wasp's magic leaks into the air.
You drain its magic.
You feel invigorated.
The spark wasp is almost dead.
The spark wasp stings you!
* * * LOW HITPOINT WARNING * * *
The spark wasp shocks you!
You die...

∙∙▒∙∙▒∙∙▒▒▒▒▒∙∙∙▒▒▒∙∙∙▒▒▒▒▒
▒▒∙∙∙∙∙∙▒▒▒▒▒∙∙∙∙▒▒▒∙∙∙▒
∙∙∙∙∙∙∙∙▒∙∙∙▒∙∙▒∙∙▒▒∙∙∙▒
∙∙▒▒▒▒▒▒▒∙∙∙∙∙▒▒∙∙▒∙∙∙▒▒
▒▒▒∙∙∙∙∙∙∙▒∙∙▒∙∙∙▒▒∙∙▒▒
▒▒∙∙∙▒∙∙∙∙▒▒∙∙∙▒▒▒∙∙∙▒
∙∙∙∙∙▒∙∙∙∙▒▒▒∙∙∙∙∙∙▒▒▒
∙∙^∙∙∙∙▒∙▒▒ ▒▒∙∙y∙∙∙▒
∙(∙▒∙∙∙▒▒▒ ▒▒▒f∙∙∙▒
▒▒∙∙▒∙∙▒▒ ▒∙∙∙∙▒ ▒▒∙▒∙∙∙∙▒
▒▒▒∙▒▒ ▒▒∙∙∙∙∙▒▒ ▒▒▒
∙∙∙∙∙∙∙^▒ ∙∙▒▒∙∙∙∙▒
∙▒^∙∙∙▒▒▒ ∙∙∙∙∙▒▒ ▒∙∙▒▒▒


You could see a spark wasp (magic disrupted).

Vanquished Creatures
  Rupert (D:12)
  2 orc warlords
  An emperor scorpion (Spider:2)
  A juggernaut skeleton (D:15)
  2 entropy weavers (Spider:2)
  A minotaur (Gauntlet)
  Azrael (D:14)
  Josephine (Orc:2)
  A fire dragon (Volcano)
  A rakshasa (D:14)
  A merfolk avatar (Lair:6)
  A jorogumo (Spider:1)
  8 vault guards (D:14)
  11 hydras
  4 boulder beetles
  An ogre mage (D:15)
  10 two-headed ogres
  2 centaur warriors
  A death knight (D:13)
  3 death yaks (Gauntlet)
  A vampire mage (D:15)
  An orc high priest (Orc:1)
  A skeletal warrior (D:15)
  A sun moth (Spider:2)
  A sea snake (Lair:6)
  A spark wasp zombie (D:15)
  3 steelbarb worms (Spider:2)
  2 pharaoh ants
  An orb spider (Spider:2)
  9 orc knights
  Pikel (D:5)
  5 lindwurms
  A sphinx zombie (D:15)
  2 necromancers
  2 deep elf pyromancers
  2 orc sorcerers
  12 ugly things
  7 manticores
  5 wolf spiders
  3 cyclopes
  19 elephants
  3 moths of wrath
  An oklob plant (Gauntlet)
  Maurice (D:10)
  7 black mambas
  A fire giant skeleton (D:15)
  Joseph (D:7)
  A torpor snail (Spider:1)
  2 gargoyles
  2 smoke demons (Volcano)
  4 demonic crawlers
  12 cane toads
  2 unseen horrors
  3 rime drakes
  10 komodo dragons
  A tengu conjurer (D:14)
  A guardian mummy (D:15)
  3 trolls
  A queen bee (Spider:2)
  10 meliai
  2 wind drakes (Lair:6)
  A polar bear (Lair:2)
  9 tarantellas
  A dream sheep (Lair:6)
  A meliai zombie (D:11)
  15 culicivoras
  18 blink frogs
  A snapping turtle (Lair:6)
  Sigmund (D:4)
  6 flying skulls (Gauntlet)
  16 jumping spiders
  2 shadows (D:10)
  5 wyverns
  4 fire elementals (D:14)
  2 spriggans
  5 wraiths (Orc:2)
  26 yaks
  7 vampire mosquitoes
  25 redbacks
  Grum (Lair:1)
  5 steam dragons
  3 basilisks
  3 swamp worms (Lair:4)
  2 wargs (Orc:1)
  Edmund (D:4)
  Menkaure (D:5)
  2 acid dragons
  Duvessa (D:6)
  5 hell hounds
  13 water moccasins
  An ice beast (D:8)
  48 orc warriors
  4 black bears
  3 sky beasts (D:7)
  A necrophage (D:5)
  8 ogres
  16 wolves
  4 phantoms
  5 boggarts (D:14)
  17 centaurs
  14 bullfrogs
  3 kobold brigands
  A scorpion (D:7)
  A water moccasin skeleton (D:6)
  Dowan (D:6)
  A wyvern skeleton (D:7)
  2 troll zombies (D:10)
  An elephant simulacrum (Lair:6)
  19 killer bees
  8 wights (D:8)
  2 electric eels (D:8)
  10 howler monkeys
  A bullfrog zombie (D:7)
  3 hounds
  3 jellies
  4 centaur zombies
  19 orc priests
  A gnoll shaman (D:7)
  A bullfrog skeleton (D:5)
  A centaur skeleton (D:7)
  6 iguanas
  Ijyb (D:3)
  15 orc wizards
  A polar bear simulacrum (Lair:6)
  A hell rat (Lair:3)
  A killer bee zombie (D:7)
  6 ogre zombies (D:10)
  Robin (D:2)
  A howler monkey zombie (D:7)
  10 gnolls
  5 adders
  2 shadow imps
  2 white imps
  An ufetubus (D:4)
  An adder skeleton (D:3)
  8 worms
  3 dart slugs
  105 orcs
  5 ball pythons
  10 endoplasms
  2 giant cockroaches
  15 goblins
  13 hobgoblins
  19 kobolds
  4 quokkas
  3 bats
  7 frilled lizards
  A goblin skeleton (D:10)
  3 goblin zombies (D:10)
  3 hobgoblin skeletons (D:10)
  2 hobgoblin zombies (D:10)
  3 orc skeletons (D:10)
  13 orc zombies (D:10)
  5 rats
865 creatures vanquished.

Vanquished Creatures (collateral kills)
  A spark wasp (Spider:1)
  3 hydras
  An orb spider (Spider:1)
  A cane toad (Lair:2)
  2 trolls
  3 meliai (Spider:1)
  A tarantella (Spider:1)
  A culicivora (Spider:1)
  A warg (Orc:1)
  A water moccasin (Lair:3)
  3 orc warriors (Orc:1)
  A black bear (Lair:2)
  A gnoll sergeant (Orc:1)
  A scorpion (shapeshifter) (D:14)
  3 killer bees (Spider:2)
  An orc wizard (Orc:1)
  3 hell rats (Lair:3)
28 creatures vanquished.

Vanquished Creatures (others)
  2 orc sorcerers (Orc:1)
  2 orc warriors
  An orc wizard (Orc:2)
  A bush (D:14)
  12 fungi
  25 plants
  12 withered plants (D:15)
55 creatures vanquished.

Grand Total: 948 creatures vanquished

Notes
Turn   | Place    | Note
-------+----------+-------------------------------------------
     0 | D:1      | Zeor the Vine Stalker Berserker began the quest for the
                  | Orb.
     0 | D:1      | Reached XP level 1. HP: 11/11 MP: 2/2
   168 | D:1      | Reached XP level 2. HP: 14/16 MP: 3/3
   914 | D:1      | Reached XP level 3. HP: 20/20 MP: 4/4
  1024 | D:2      | Found a faded altar of an unknown god.
  1044 | D:2      | Found a shadowy altar of Dithmenos.
  1052 | D:2      | Reached ** piety under Trog
  1891 | D:2      | Found Vutotsum's Assorted Antiques.
  1955 | D:2      | Gained mutation: Your natural rate of healing is unusually
                  | fast. [Vine Stalker growth]
  1955 | D:2      | Reached XP level 4. HP: 24/24 MP: 5/5
  1958 | D:2      | Noticed Robin
  1966 | D:2      | Killed Robin
  2669 | D:2      | Found a runed translucent door.
  2670 | D:2      | Noticed Crazy Yiuf
  2769 | D:3      | Reached XP level 5. HP: 28/28 MP: 6/6
  3245 | D:3      | Noticed Ijyb
  3273 | D:3      | Killed Ijyb
  3679 | D:4      | Reached *** piety under Trog
  3708 | D:4      | Noticed Sigmund
  3722 | D:4      | Killed Sigmund
  3723 | D:4      | Reached skill level 5 in Long Blades
  3723 | D:4      | Reached skill level 1 in Stealth
  3723 | D:4      | Reached XP level 6. HP: 32/32 MP: 7/7
  3736 | D:4      | Noticed Edmund
  3750 | D:4      | Killed Edmund
  3751 | D:4      | Reached XP level 7. HP: 36/36 MP: 6/8
  4083 | D:4      | You fall into a shaft and drop 3 floors!
  4184 | D:7      | Reached skill level 1 in Shields
  4317 | D:6      | Gained mutation: You have razor-sharp teeth. [Vine Stalker
                  | growth]
  4317 | D:6      | Reached XP level 8. HP: 35/42 MP: 9/9
  4476 | D:5      | Entered Level 5 of the Dungeon
  4676 | D:5      | Noticed Menkaure
  4684 | D:5      | Killed Menkaure
  5198 | D:5      | Found a glowing silver altar of Zin.
  5241 | D:5      | Noticed Pikel
  5251 | D:5      | Killed Pikel
  5252 | D:5      | Reached XP level 9. HP: 46/46 MP: 7/10
  5364 | D:5      | Reached skill level 5 in Fighting
  5681 | D:6      | Found a broken altar of Ashenzari.
  5897 | D:6      | Noticed Duvessa
  5897 | D:6      | Noticed Dowan
  5904 | D:6      | Killed Duvessa
  5907 | D:6      | Killed Dowan
  6499 | D:7      | Found a staircase to the Ecumenical Temple.
  6567 | D:7      | Reached **** piety under Trog
  6608 | D:7      | Found Keosekk's Antique Armour Shop.
  6616 | D:7      | Bought a runed ring mail for 217 gold pieces
  6655 | D:7      | Noticed Joseph
  6666 | D:7      | Killed Joseph
  6693 | D:7      | Reached skill level 10 in Long Blades
  6693 | D:7      | Reached XP level 10. HP: 53/53 MP: 11/11
  6804 | D:7      | Found a bloodstained altar of Trog.
  8062 | D:9      | Found an ancient bone altar of Kikubaaqudgha.
  8348 | D:9      | Reached ***** piety under Trog
  8511 | D:9      | Reached skill level 5 in Armour
  8579 | D:9      | Reached XP level 11. HP: 40/58 MP: 8/12
  8765 | D:9      | Found a staircase to the Lair.
  8804 | D:9      | Found a burning altar of Makhleb.
  8804 | D:9      | Noticed a blizzard demon
  8821 | D:9      | Found an ornate altar of the Wu Jian Council.
  8890 | D:9      | Found an iron altar of Okawaru.
  8925 | D:9      | Found a shimmering blue altar of Sif Muna.
  9065 | Lair:1   | Entered Level 1 of the Lair of Beasts
  9065 | Lair:1   | Noticed a five-headed hydra
  9436 | Lair:1   | Killed a one-headed hydra
  9437 | Lair:1   | Reached skill level 5 in Dodging
  9530 | Lair:1   | Noticed Grum
  9544 | Lair:1   | Killed Grum
  9648 | Lair:1   | Reached skill level 5 in Shields
 10301 | Lair:2   | Noticed a five-headed hydra
 10310 | Lair:2   | Killed a one-headed hydra
 10311 | Lair:2   | Reached skill level 1 in Axes
 10341 | Lair:2   | Received a gift from Trog
 10342 | Lair:2   | Reached XP level 12. HP: 60/63 MP: 13/13
 10630 | Lair:2   | Noticed a seven-headed hydra
 10647 | Lair:2   | Killed a five-headed hydra
 11237 | Lair:3   | Identified the +8 chain mail of Fidarch {rElec Will+ rCorr}
 11338 | Lair:3   | Noticed an eight-headed hydra
 11348 | Lair:3   | Killed a six-headed hydra
 11704 | Lair:3   | Noticed a seven-headed hydra
 11712 | Lair:3   | Killed a nine-headed hydra
 12200 | Lair:3   | Noticed a five-headed hydra
 12211 | Lair:3   | Killed a one-headed hydra
 12376 | Lair:3   | Reached XP level 13. HP: 68/68 MP: 14/14
 12931 | Lair:4   | Found a hole to the Spider Nest.
 13335 | Lair:4   | Found a staircase to the Swamp.
 14072 | Lair:5   | Found a staircase to the Slime Pits.
 14371 | Lair:6   | Entered Level 6 of the Lair of Beasts
 14730 | Lair:6   | Received a gift from Trog
 14737 | Lair:6   | Reached XP level 14. HP: 74/74 MP: 15/15
 15111 | Lair:6   | Found a frozen archway.
 15615 | D:10     | Entered Level 10 of the Dungeon
 15619 | D:10     | Found a shadowy altar of Dithmenos.
 15644 | D:10     | Noticed Maurice
 15656 | D:10     | Killed Maurice
 15735 | D:10     | Found a staircase to the Orcish Mines.
 15781 | D:10     | Received a gift from Trog
 17380 | D:12     | Reached skill level 10 in Shields
 17557 | D:12     | Found Zin's Purification Station.
 17557 | D:12     | Found a glowing silver altar of Zin.
 17565 | D:12     | Bought 2 potions of curing for 180 gold pieces
 17737 | D:12     | Noticed Rupert
 17748 | D:12     | Killed Rupert
 18475 | D:13     | Reached skill level 10 in Fighting
 18720 | D:14     | Noticed Azrael
 18732 | D:14     | Killed Azrael
 18756 | D:14     | Identified the ring of Fisoym {rF+ rCorr EV+4 Dex+4}
 18791 | D:14     | Found a gate leading to a gauntlet.
 18828 | D:14     | Reached XP level 15. HP: 80/80 MP: 16/16
 18886 | D:14     | Reached skill level 10 in Armour
 18935 | Gauntlet | Entered a Gauntlet
 18935 | Gauntlet | Found a transporter.
 18935 | Gauntlet | Found a transporter.
 18937 | Gauntlet | Found a transporter.
 18938 | Gauntlet | Found a transporter.
 18940 | Gauntlet | Found a transporter.
 18959 | Gauntlet | Found a runed translucent door.
 18960 | Gauntlet | Found a transporter.
 18961 | Gauntlet | Found a runed translucent door.
 18972 | Gauntlet | Found a transporter.
 18991 | Gauntlet | Found a transporter.
 18992 | Gauntlet | Found a transporter.
 18992 | Gauntlet | Found a transporter.
 19007 | Gauntlet | Found a transporter.
 19020 | Gauntlet | Found a transporter.
 19031 | Gauntlet | Found a transporter.
 19046 | Gauntlet | Found a transporter.
 19108 | Gauntlet | Identified the +1 hat "Hela" {rC- rN++ Slay+2}
 19188 | Gauntlet | Identified the ring "Rulov" {rF+ rC++ rN+ MP-9}
 19330 | Gauntlet | Identified the ring of Funeol {rN+ AC+4 Str+4 Dex+7}
 19631 | D:14     | Found a gate to the Vaults.
 19877 | D:15     | Entered Level 15 of the Dungeon
 20313 | D:15     | Reached skill level 1 in Throwing
 20327 | D:15     | Found a staircase to the Depths.
 20333 | D:15     | Received a gift from Trog
 20888 | Orc:1    | Entered Level 1 of the Orcish Mines
 20949 | Orc:1    | Found a dark tunnel.
 21002 | Orc:1    | Noticed an orc warlord
 21003 | Orc:1    | Noticed an orc warlord
 21055 | Orc:1    | Reached XP level 16. HP: 88/88 MP: 8/17
 21274 | Volcano  | Entered a volcano
 21610 | Orc:1    | Identified the +6 broad axe of Accord {vorpal, Drain rElec
                  | Dex+6} (Trog gifted it to you on level 1 of the Orcish
                  | Mines)
 21610 | Orc:1    | Received a gift from Trog
 21822 | Orc:1    | Identified the ring "Zesuokhly" {rC+ Stlth+}
 21849 | Orc:1    | Identified the +2 scale mail of Modesty {rPois Dex+3}
 22377 | Orc:2    | Entered Level 2 of the Orcish Mines
 22647 | Orc:2    | Found Kimihe Esoaph's Jewellery Boutique.
 22647 | Orc:2    | Found Gulleol's Book Shoppe.
 22649 | Orc:2    | Found Wacof's General Store.
 22651 | Orc:2    | Found Ricse's Weapon Shop.
 22658 | Orc:2    | Bought a scroll of enchant weapon for 135 gold pieces
 22663 | Orc:2    | Bought a +5 hand crossbow for 457 gold pieces
 22839 | Orc:2    | Noticed Josephine
 22854 | Orc:2    | Killed Josephine
 22939 | Orc:2    | Found Qyluadwinwy's Armour Shop.
 22986 | Orc:2    | Found a staircase to the Elven Halls.
 23243 | Orc:1    | Reached skill level 1 in Crossbows
 23592 | Spider:1 | Entered Level 1 of the Spider Nest
 23686 | Spider:1 | Received a gift from Trog
 24851 | Spider:2 | Received a gift from Trog
 25028 | Spider:2 | HP: 2/88 [meliai/divine providence (10)]
 25124 | Spider:2 | Reached XP level 17. HP: 93/93 MP: 9/18
 25969 | Spider:2 | HP: 4/93 [spark wasp (7)]
 25969 | Spider:2 | Mangled by a spark wasp

Illustrated notes

Levels and vault maps discovered:
D:1:      sevenhm_arrival_forest_fort_large_4, layout_basic
D:2:      layout_loops_ring, basic_altar, serial_forest,
          infiniplex_forest_straight_4, infiniplex_forest_clump_long,
          infiniplex_forest_lined_room_, infiniplex_forest_corner_1,
          infiniplex_forest_lined_1, infiniplex_forest_clump_small,
          infiniplex_forest_diagonal, serial_shops,
          nicolae_shop_overgrown_old_shop,
          hellmonk_ecumenical_altar_pennies_from_heaven,
          hangedman_feature_mirror, small_statue_intersection, uniq_robin,
          uniq_crazy_yiuf_cottage
D:3:      layout_loops_corners, uniq_ijyb
D:4:      layout_cave_pools, sigmund_edmund_badplayer, uniq_sigmund, uniq_edmund
D:5:      layout_loops_ring, mainiacjoe_overflow_24_doors, uniq_menkaure,
          uniq_pikel
D:6:      layout_basic, ashenzari_conservatory_becter, st_stairs_7, uniq_duvessa
D:7:      layout_loops_ring, mainiacjoe_overflow_alcove_2,
          minmay_temple_entry_antechambers, serial_shops, shop,
          minmay_joined_circles, uniq_joseph
D:8:      layout_cave_pools, serial_bayou, serial_bayou_pond_b,
          serial_bayou_crossing, serial_bayou_pond_e, serial_bayou_shore_b
D:9:      layout_small_grid, makhleb_altar_promises_db,
          mainiacjoe_overflow_small_starburst, mainiacjoe_overflow_two_lobes,
          kennysheep_mini_moat, david_lair_generic, special_room
          [special_room_orc]
D:10:     layout_cave_pods, nicolae_dithmenos_shadow_blocks, zombieorc2_lemuel,
          uniq_maurice
D:11:     layout_grid_maze
D:12:     layout_cave_pools, zin_purify, uniq_rupert
D:13:     layout_small_grid
D:14:     layout_rooms, erik_vaults_2, gauntlet_entry_generic,
          serial_park_tiny_1, uniq_azrael
D:15:     gammafunk_depths_entry_grave, layout_gridville
Lair:1:   layout_cave_pods, chequers_serial_rivers_micro_b, uniq_grum
Lair:2:   layout_regular_city, forest_entry_grove
Lair:3:   layout_cave_pods
Lair:4:   layout_roguey, palyth_hydra_swamp_entry,
          hellmonk_spider_entry_not_the_bees
Lair:5:   layout_cave_pods, nicolae_slime_entry_slimehenge, fungi_pond_lemuel,
          lemuel_fruit_tree
Lair:6:   gammafunk_lair_ancient_temple, layout_gridlike,
          portal_ice_cave_entry_ice_simulacra, grunt_forest_large_clearing_hut
Spider:1: layout_spider_delve
Spider:2: layout_spider_delve, special_room [special_room_bee]
Spider:3: layout_spider_delve
Orc:1:    layout_diamond_mine, nicolae_volcano_entry_vermiform,
          minmay_orc_treasury
Orc:2:    st_orc_rangers, layout_caves, serial_shops, nicolae_diamond_shop,
          uniq_josephine

Skill      XL: |  1  2  3  4  5  6  7  8  9 10 11 12 13 14 15 16 |
---------------+-------------------------------------------------+-----
Long Blades    | 3 4 5 6 7 8 10 11 12 13 14 | 14.1
Fighting       | 3 4 5 6 7 8 10 11 12 | 12.2
Armour         | 2 3 4 5 7 8 9 11 | 11.5
Dodging        | 2 3 4 5 6 7 |  7.4
Stealth        | 1 2 |  2.0
Shields        | 1 2 3 5 7 9 11 12 14 | 14.9
Axes           | 1 2 3 4 |  4.0
Throwing       | 1 2 |  2.8
Crossbows      | 4 |  4.8

Action                   |  1- 3 |  4- 6 |  7- 9 | 10-12 | 13-15 | 16-18 || total
-------------------------+-------+-------+-------+-------+-------+-------++-------
Melee: Falchion          |    96 |   168 |    86 |       |       |       ||   350
       Bite              |    28 |    48 |    85 |   195 |   450 |   335 ||  1141
       Scimitar          |       |       |   203 |   151 |   244 |     9 ||   607
       Long sword        |       |       |       |   450 |    60 |     2 ||   512
       Broad axe         |       |       |       |    27 |    29 |       ||    56
       Demon blade       |       |       |       |       |   663 |   732 ||  1395
 Fire: Hand crossbow     |       |       |       |       |       |    16 ||    16
Throw: Dart              |       |       |     2 |     5 |     4 |       ||    11
       Javelin           |       |       |       |       |       |     1 ||     1
Invok: Berserk           |       |     2 |     8 |     9 |    14 |    10 ||    43
       Trog's Hand       |       |     1 |     1 |       |     1 |     1 ||     4
       Brothers in Arms  |       |       |       |     3 |     3 |     3 ||     9
Evoke: Box of beasts     |       |       |       |     1 |       |       ||     1
  Use: Scroll            |     3 |     2 |     7 |    12 |    10 |     2 ||    36
       Potion            |       |     1 |       |       |     2 |       ||     3
 Stab: Sleeping          |       |     1 |       |       |       |     2 ||     3
       Invisible         |       |       |       |       |     1 |     8 ||     9
       Distracted        |       |       |       |       |     1 |     2 ||     3
Armor: Animal skin       |     7 |       |       |       |       |       ||     7
       Ring mail         |    14 |    31 |    89 |   152 |       |       ||   286
       Skin              |       |    17 |       |       |       |       ||    17
       Chain mail        |       |       |       |    61 |   377 |    71 ||   509
       Scale mail        |       |       |       |       |       |    90 ||    90
Dodge: Dodged            |    41 |    57 |   113 |   287 |   394 |   343 ||  1235
Block: Buckler           |     7 |    23 |    54 |   217 |   414 |   106 ||   821
       Tower shield      |       |       |       |       |       |   664 ||   664
